 Dungeon Crawl Stone Soup version 0.32-a0-975-g85d4e5bfdb (webtiles) character file.

Game seed: 9681299219529848913

71 Cancer the Cutter (level 4, 0/24 HPs)
             Began as a Kobold Enchanter on Apr 18, 2024.
             Slain by a scorpion (3 damage)
             ... on level 4 of the Dungeon.
             The game lasted 00:04:47 (1637 turns).

Cancer the Cutter (Kobold Enchanter)                Turns: 1637, Time: 00:04:48

Health: 0/24       AC:  2    Str:  5    XL:     4   Next: 47%
Magic:  1/7        EV: 14    Int: 16    God:
Gold:   124        SH:  0    Dex: 17    Spells: 5/7 levels left

rFire   . . .        a - +1 dagger
rCold   . . .        (no shield)
rNeg    . . .        b - +0 robe
rPois   .            (no helmet)
rElec   .            (no cloak)
rCorr   .            (no gloves)
SInv    .            (no boots)
Will    .....        (no amulet)
Stlth   ++++         (no ring)
HPRegen 0.24/turn    (no ring)
MPRegen 0.10/turn

%: no passive effects
@: lethally poisoned (0 -> 0), very slightly contaminated
A: small, no large weapons, nightstalker 3
a: no special abilities


You were on level 4 of the Dungeon.
You visited 1 branch of the dungeon, and saw 3 of its levels.

You collected 124 gold pieces.

Inventory:

Hand Weapons
 a - a +1 dagger (weapon)
Armour
 b - a +0 robe (worn)
 p - a +0 buckler
Magical Staves
 n - a staff of conjuration
Scrolls
 d - 3 scrolls of identify {unknown}
 e - a scroll of fog {unknown}
 f - a scroll of immolation {unknown}
 h - a scroll of enchant armour {unknown}
 m - a scroll of fear {unknown}
 o - a scroll of poison {unknown}
Potions
 c - 2 potions of invisibility
 g - 2 potions of curing {unknown}
 i - a potion of heal wounds {unknown}
 j - a potion of mutation {unknown}
 k - a potion of might {unknown}
 l - 2 potions of enlightenment {unknown}


   Skills:
 + Level 5.0 Short Blades
 - Level 2.4 Dodging
 + Level 4.4 Stealth
 - Level 2.1 Spellcasting
 - Level 3.0 Hexes


You had 5 spell levels left.
You knew the following spells:

 Your Spells              Type           Power      Damage    Failure   Level
a - Ensorcelled Hibernat  Hex/Ice        12%        N/A       17%         2

Your spell library contained the following spells:

 Spells                   Type           Power      Damage    Failure   Level
 Confusing Touch          Hex            11%        N/A       19%         3
 Tukima's Dance           Hex            11%        N/A       19%         3
 Dazzling Flash           Conj/Hex       12%        N/A       32%         3


Dungeon Overview and Level Annotations

Branches:
Dungeon (2/15)

Altars:


Innate Abilities, Weirdness & Mutations

You are small and have problems with some larger weapons.
You are completely attuned to the shadows.


Message History

The scorpion barely misses you.
You hit the scorpion but do no damage.
The scorpion is lightly wounded.
You hit the scorpion but do no damage.
The scorpion is lightly wounded.
The scorpion stings you.
You are poisoned.
The scorpion poisons you!
Sorry, you're not good enough to have a special ability.
Casting: Ensorcelled Hibernation (safe; 17% risk of failure)
Confirm with . or Enter, or press ? or * to list all spells.
Aiming: Ensorcelled Hibernation (safe; 17% risk of failure)
Press: ? - help, Shift-Dir - straight line, f - scorpion
Aim: a scorpion (lightly wounded, chance to affect: 39%)
The scorpion resists with some effort.
You feel very sick. The scorpion stings you.
Casting: Ensorcelled Hibernation (safe; 17% risk of failure)
Confirm with . or Enter, or press ? or * to list all spells.
Aiming: Ensorcelled Hibernation (safe; 17% risk of failure)
Press: ? - help, Shift-Dir - straight line, f/p - scorpion
Aim: a scorpion (lightly wounded, chance to affect: 39%)
You miscast Ensorcelled Hibernation.
You are very lightly contaminated with residual magic.
Nothing appears to happen.
You feel very sick. The scorpion stings you. The scorpion barely misses you.
Casting: Ensorcelled Hibernation (safe; 17% risk of failure)
Confirm with . or Enter, or press ? or * to list all spells.
Aiming: Ensorcelled Hibernation (safe; 17% risk of failure)
Press: ? - help, Shift-Dir - straight line, f/p - scorpion
Aim: a scorpion (lightly wounded, chance to affect: 39%)
You miscast Ensorcelled Hibernation.
Nothing appears to happen.
You feel sick. The scorpion closely misses you.
You feel sick.
You feel sick.
You feel sick.
You feel sick. The scorpion barely misses you.
You feel sick. The scorpion attacks as it pursues you! The scorpion stings you.
You die...

##### ...# #.
#.#####. ##..
#......!
#...###.###...
........# .. #.#
.....s### # #.#
.<..@.# #.# ......#
#.#
#...#.###########.#
#...#.##.......##.#
##.##.##.#####....#
#.#...#.# #.##.#
#.......# #.##.#
..#...#.# #....#
####..#.#####.####


You could see a scorpion.

Vanquished Creatures
  A gnoll (D:1)
  2 adders (D:2)
  A ribbon worm (D:2)
  4 endoplasms (D:1)
  8 giant cockroaches
  3 hobgoblins
  4 jackals (D:2)
  A kobold (D:1)
  2 quokkas
  3 ball pythons
  2 bats
  A frilled lizard (D:1)
  2 goblins
  3 rats
  A spectral hobgoblin (D:1)
38 creatures vanquished.

Notes
Turn   | Place    | Note
-------+----------+-------------------------------------------
     0 | D:1      | Cancer the Kobold Enchanter began the quest for the Orb.
     0 | D:1      | Reached XP level 1. HP: 10/10 MP: 3/3
    33 | D:1      | Reached skill level 3 in Short Blades
    33 | D:1      | Reached XP level 2. HP: 15/15 MP: 5/5
    71 | D:1      | Found a faded altar of an unknown god.
   381 | D:1      | Reached XP level 3. HP: 19/19 MP: 6/6
   419 | D:1      | Learned a level 2 spell: Ensorcelled Hibernation
   457 | D:1      | Reached skill level 4 in Short Blades
  1331 | D:2      | Reached XP level 4. HP: 24/24 MP: 7/7
  1502 | D:2      | Reached skill level 5 in Short Blades
  1588 | D:2      | You fall into a shaft and drop 2 floors!
  1623 | D:4      | Noticed a scorpion
  1637 | D:4      | Slain by a scorpion

Illustrated notes

Levels and vault maps discovered:
D:1:      dpeg_arrival_tiny_i, layout_basic,
          dreamdust_ecumenical_altar_drowned_temple
D:2:      layout_basic, serial_shops, shop
D:4:      layout_loops_ring, bh_walls_and_bars

Skill      XL: |  1  2  3  4 |
---------------+-------------+-----
Short Blades   | 3 4 5 |  5.0
Dodging        | |  2.4
Stealth        | |  4.4
Spellcasting   | |  2.1
Hexes          | |  3.0

Action                     |  1- 3 |  4- 6 || total
---------------------------+-------+-------++-------
  Melee: Dagger            |    72 |    45 ||   117
   Cast: Ensorcelled Hiber |       |     1 ||     1
   Stab: Sleeping          |    17 |     3 ||    20
 Armour: Robe              |    20 |    22 ||    42
  Dodge: Dodged            |    47 |    49 ||    96

Table legend: (Time is in decaauts)
 A = Elapsed time spent in this place.
 B = Non-inter-level travel time spent in this place.
 C = Inter-level travel time spent in this place.
 D = Time resting spent in this place.
 E = Time spent auto-exploring this place.
 F = Levels seen in this place.
 G = Mean time per level.
                   A        B        C        D        E       F      G
               +--------+--------+--------+--------+--------+-----+--------+
         Total |   1618 |   1441 |    177 |      0 |   1154 |   3 |  539.3 |
       Dungeon |   1618 |   1441 |    177 |      0 |   1154 |   3 |  539.3 |
               +--------+--------+--------+--------+--------+-----+--------+

Top non-repeatable levels by time:
     D:1: 1342 daAuts
     D:2: 228 daAuts
     D:4: 47 daAuts
